 Dungeon Crawl Stone Soup version 0.32-a0-630-g46d191b0ed (webtiles) character file.

Game seed: 2587502220502142979

101 Dittersdorf the Shield-Bearer (level 4, -1/29 HPs)
             Began as a Gargoyle Fighter on Mar 6, 2024.
             Slain by a gnoll
             ... wielding a +0 flail
              (6 damage)
             ... on level 4 of the Dungeon.
             The game lasted 00:02:38 (2375 turns).

Dittersdorf the Shield-Bearer (Gargoyle Fighter)    Turns: 2375, Time: 00:02:39

Health: -1/29      AC: 17    Str: 21    XL:     4   Next: 75%
Magic:  4/4        EV:  8    Int:  9    God:
Gold:   111        SH:  4    Dex:  9    Spells: 3/3 levels left

rFire   . . .        a - +0 flail
rCold   . . .        c - +0 buckler
rNeg    + . .        i - +0 chain mail
rPois   ∞            k - +2 helmet
rElec   +            o - +0 cloak
rCorr   .            (no gloves)
SInv    .            (no boots)
Will    .....        (no amulet) Stlth
                     (no ring)
HPRegen 0.24/turn    (no ring)
MPRegen 0.09/turn

%: no passive effects
@: no status effects
A: sickness immunity, AC +3, negative energy resistance 1, electricity
resistance, torment resistance 1, petrification resistance
a: no special abilities


You were on level 4 of the Dungeon.
You visited 1 branch of the dungeon, and saw 4 of its levels.

You collected 111 gold pieces.

Inventory:

Hand Weapons
 a - a +0 flail (weapon)
Armour
 c - a +0 buckler (worn)
 i - a +0 chain mail (worn)
 k - a +2 helmet (worn)
 o - a +0 cloak (worn)
Scrolls
 g - a scroll of amnesia {unknown}
 h - a scroll of noise {unknown}
 l - a scroll of fear {unknown}
 m - a scroll of poison {unknown}
 n - a scroll of blinking {unknown}
 p - a scroll of silence {unknown}
 q - a scroll of enchant armour {unknown}
Potions
 b - a potion of ambrosia
 d - a potion of might
 e - 2 potions of heal wounds {unknown}
 f - a potion of curing
 j - 2 potions of resistance


   Skills:
 + Level 4.1 Fighting
 + Level 2.8 Maces & Flails
 + Level 4.1 Armour
 + Level 4.1 Shields


You had 3 spell levels left.
You didn't know any spells.
Your spell library was empty.

Dungeon Overview and Level Annotations

Branches:
Dungeon (4/15)
 Temple: D:4-7

Altars:
Nemelex Xobeh
Yredelemnul


Innate Abilities, Weirdness & Mutations

You are immune to sickness and miasma.
Your stone body is resilient. (AC +3)
You are immune to poison.
You resist negative energy. (rN+)
You are resistant to electric shocks. (rElec)
You are resistant to unholy torment.
You are immune to petrification.


Message History

You are too injured to fight recklessly!
You are too injured to fight recklessly!
You are too injured to fight recklessly!
You are too injured to fight recklessly!
The gnoll throws a throwing net.
The throwing net hits you.
You become entangled in the net!
You see here a throwing net.
You struggle against the net.
The gnoll hits you with a +0 club.
* * * LOW HITPOINT WARNING * * *
You struggle against the net.
The gnoll hits you but does no damage.
You rip the net and break free!
The gnoll hits you with a +0 flail.
* * * LOW HITPOINT WARNING * * *
The gnoll hits you but does no damage. The orc hits you with a +0 club.
* * * LOW HITPOINT WARNING * * *
The gnoll attacks as it pursues you! The gnoll completely misses you.
The gnoll attacks as it pursues you! The gnoll barely misses you.
The gnoll attacks as it pursues you! The gnoll hits you but does no damage.
The gnoll barely misses you. The gnoll attacks as it pursues you!
You block the gnoll's attack.
You hit the gnoll.
The gnoll is almost dead.
The gnoll hits you but does no damage. x2
You barely miss the gnoll.
The gnoll is almost dead.
The gnoll hits you with a +0 club.
* * * LOW HITPOINT WARNING * * *
You sock the gnoll!
You kill the gnoll!
The gnoll attacks as it pursues you! The gnoll completely misses you.
You hit the gnoll.
The gnoll is lightly wounded.
The gnoll hits you with a +0 flail.
* * * LOW HITPOINT WARNING * * *
You closely miss the gnoll.
The gnoll is lightly wounded.
The gnoll hits you but does no damage. The gnoll barely misses you.
You hit the gnoll.
The gnoll is moderately wounded.
The gnoll hits you with a +0 flail.
You die...

##########..#
#..# #..# #..#
#.g# #..# #..#
#######..# .
#...@gog.# . ..
#.######[# ...#
#.# #.# ..#
#.######.# ###
.#######........#
.........########
########.#
#############.#
..............#


You could see 2 gnolls and an orc.

Vanquished Creatures
  3 adders
  A gnoll (D:4)
  8 bats
  7 endoplasms
  3 giant cockroaches (D:2)
  6 hobgoblins
  3 jackals (D:1)
  9 kobolds
  4 quokkas
  5 ball pythons
  2 frilled lizards
  4 goblins
  5 rats
60 creatures vanquished.

Notes
Turn   | Place    | Note
-------+----------+-------------------------------------------
     0 | D:1      | Dittersdorf the Gargoyle Fighter began the quest for the
                  | Orb.
     0 | D:1      | Reached XP level 1. HP: 14/14 MP: 1/1
    40 | D:1      | Found a faded altar of an unknown god.
   139 | D:1      | Reached XP level 2. HP: 15/19 MP: 2/2
   651 | D:1      | Reached XP level 3. HP: 22/23 MP: 3/3
  1111 | D:2      | Reached XP level 4. HP: 29/29 MP: 4/4
  1964 | D:3      | Found a basalt altar of Yredelemnul.
  2071 | D:3      | Found a sparkling altar of Nemelex Xobeh.
  2375 | D:4      | Slain by a gnoll

Illustrated notes

Levels and vault maps discovered:
D:1:      spicycebolla_green_bress_n_ham, layout_basic,
          hellmonk_ecumenical_altar_pennies_from_heaven
D:2:      layout_loops_ring, kennysheep_path_1
D:3:      layout_basic, mainiacjoe_overflow_alcove_4,
          nemelex_xobeh_ov_fountains_minmay, kennysheep_generic_room_16
D:4:      layout_loops_ring, nicolae_wu_jian_wuxing_cycle, nicolae_grassy_gnolls

Skill      XL: |  1  2  3  4 |
---------------+-------------+-----
Fighting       | 4 |  4.1
Shields        | 4 |  4.1
Armour         | 4 |  4.1
Maces & Flails | |  2.8

Action                     |  1- 3 |  4- 6 || total
---------------------------+-------+-------++-------
  Melee: Flail             |   142 |    78 ||   220
    Use: Scroll            |       |     5 ||     5
 Armour: Scale mail        |    92 |       ||    92
         Chain mail        |    56 |    64 ||   120
  Dodge: Dodged            |    75 |    33 ||   108
  Block: Buckler           |    39 |    13 ||    52

Table legend: (Time is in decaauts)
 A = Elapsed time spent in this place.
 B = Non-inter-level travel time spent in this place.
 C = Inter-level travel time spent in this place.
 D = Time resting spent in this place.
 E = Time spent auto-exploring this place.
 F = Levels seen in this place.
 G = Mean time per level.
                   A        B        C        D        E       F      G
               +--------+--------+--------+--------+--------+-----+--------+
         Total |   2451 |   2379 |     72 |      0 |   1816 |   4 |  612.8 |
       Dungeon |   2451 |   2379 |     72 |      0 |   1816 |   4 |  612.8 |
               +--------+--------+--------+--------+--------+-----+--------+

Top non-repeatable levels by time:
     D:1: 809 daAuts
     D:2: 755 daAuts
     D:3: 720 daAuts
     D:4: 166 daAuts
